 Dungeon Crawl Stone Soup version 0.25-a0-1119-g28b6fd0c3b (webtiles) character file.

Game seed: 4010009787847820962, levelgen mode: deterministic

13055 MisterFreud the Impaler (level 11, -9/94 HPs)
             Began as a Centaur Hunter on May 18, 2020.
             Was a High Priest of Ru.
             Mangled by a spriggan rider
             ... wielding a +0 spear
              (14 damage)
             ... on level 1 of the Lair of Beasts.
             The game lasted 00:22:24 (14344 turns).

MisterFreud the Impaler (Centaur Hunter)           Turns: 14344, Time: 00:22:24

Health: -9/94      AC: 20    Str: 21    XL:     11   Next: 70%
Magic:  11/11      EV:  7    Int: 10    God:    Ru [*****.]
Gold:   793        SH:  0    Dex: 10    Spells: 10/10 levels left

rFire    . . .     SeeInvis +   b - +8 glaive of the Guard {elec, +Rage AC+5 SInv}
rCold    . . .     Gourm    .   (shield currently unavailable)
rNeg     + . .     Faith    +   H - +6 scale mail of Uppexkajug {-Cast MR++ rCorr Str+3}
rPois    .         Spirit   .   s - +0 helmet
rElec    .         Reflect  .   c - +0 cloak
rCorr    +         Harm     .   x - +0 pair of gloves
MR       ++...     NoCast   +   (no barding)
Stlth    ..........             E - amulet of faith
HPRegen  0.25/turn              D - ring of positive energy
MPRegen  0.12/turn              (no ring)

@: no potions, very quick
A: large, hooves 3, deformed body, speed 2, tough skin 3, inability to drink
while threatened, inability to use devices, inability to train dodging
a: Draw Out Power, Power Leap, Apocalypse, Renounce Religion


You were on level 1 of the Lair of Beasts.
You worshipped Ru.
Ru was extremely pleased with you.
You were hungry.

You visited 2 branches of the dungeon, and saw 13 of its levels.

You collected 793 gold pieces.

Inventory:

Hand Weapons
 a - a +1 shortbow
 b - the +8 glaive of the Guard (weapon) {elec, +Rage AC+5 SInv}
   (You found it on level 4 of the Dungeon)

   Occasionally, upon striking a foe, it will discharge some electrical energy
   and cause terrible harm.
   It affects your AC (+5).
   It lets you see invisible.
   It lets you go berserk.
Missiles
 d - 265 arrows
Armour
 c - a +0 cloak (worn)
 s - a +0 helmet (worn)
 x - a +0 pair of gloves (worn)
 H - the +6 scale mail of Uppexkajug (worn) {-Cast MR++ rCorr Str+3}
   (You found it on level 7 of the Dungeon)

   It affects your strength (+3).
   It affects your resistance to hostile enchantments.
   It prevents spellcasting.
   It provides partial protection from all sources of acid and corrosion.
Jewellery
 m - an uncursed amulet of reflection
 D - a ring of positive energy (left hand)
 E - an amulet of faith (around neck)
 I - an uncursed amulet of the acrobat
Wands
 n - a wand of flame (46)
 q - a wand of random effects (76)
 C - a wand of acid (11)
Scrolls
 e - 2 scrolls of magic mapping {unknown}
 i - 2 scrolls of enchant weapon {unknown}
 j - 11 scrolls of remove curse
 l - 3 scrolls of fog {unknown}
 t - 4 scrolls of immolation {unknown}
 u - 2 scrolls of noise {unknown}
 v - a scroll of teleportation {unknown}
 y - 2 scrolls of fear {unknown}
 B - a scroll of blinking {unknown}
 F - a scroll of random uselessness {unknown}
 G - a scroll of enchant armour {unknown}
 K - a scroll of amnesia {unknown}
 M - a scroll of holy word {unknown}
 N - a scroll of identify
 O - a scroll of brand weapon {unknown}
Potions
 g - a potion of stabbing
 h - 3 potions of curing
 k - 2 potions of might
 o - a potion of resistance {unknown}
 p - a potion of degeneration {unknown}
 r - a potion of ambrosia
 w - 2 potions of heal wounds
 z - 2 potions of flight
 A - a potion of berserk rage
 J - 2 potions of magic
 L - a potion of brilliance {unknown}
Comestibles
 f - 24 rations
 P - 3 chunks of flesh


   Skills:
 - Level 8.0 Fighting
 + Level 15.0 Polearms
 - Level 6.0 Bows
 - Level 0.4 Stealth


You had 10 spell levels left.
You didn't know any spells.
Your spell library contained the following spells:

 Spells                   Type           Power        Failure   Level  Hunger
 Foxfire                  Conj/Fire      #...         73%         1    ##.....
 Conjure Flame            Conj/Fire      #.......     97%         3    ####...
 Inner Flame              Hex/Fire       #.......     97%         3    ####...
 Sticky Flame             Conj/Fire      #.......     100%        4    #####..
 Fireball                 Conj/Fire      #.........   100%        5    ######.


Dungeon Overview and Level Annotations

Branches:
Dungeon (12/15)            Temple (0/1) D:7            Lair (1/6) D:10
    Orc (0/2) D:10

Altars:
Ashenzari
Fedhas
Nemelex Xobeh
Okawaru
Qazlal
Ru
Sif Muna
Trog
Uskayaw
Wu Jian
Yredelemnul
Zin
The Shining One

Shops:
D:5 *   D:9 (*   D:11 (


Innate Abilities, Weirdness & Mutations

You have hooves in place of feet.
Armour fits poorly on your strangely shaped body.
You cover ground very quickly.
You have extremely tough skin. (AC +3)
You cannot drink potions while threatened.
You cannot study or use magical devices.
You cannot train Dodging skill.


Message History

The wolf howls!
You hear a howl!
The spriggan rider barely misses you.
A wolf comes into view.
The wolf howls!
The wolf bites you but does no damage.
The spriggan rider hits you but does no damage.
The wolf bites you but does no damage. The spriggan rider closely misses you.
The wolf completely misses you.
A crocodile comes into view.
The wolf stops to sniff the ground.
The wolf pauses to sniff the ground.
The spriggan rider closely misses you.
The wolf stops to sniff the ground.
The wolf misses you.
The wolf pauses to sniff the ground.
The spriggan rider hits you from afar with a +0 spear.
* * * LOW HITPOINT WARNING * * *
The spriggan rider hits you from afar with a +0 spear!
You feel threatened and lose the ability to drink potions!
You die...

#.............
##............
#.............
###...#P...###
#...#....###
####.....#.#
##.....# #.##..#
#.#. #####@###
....## #h#.# .....
#.i## #....
##h.#####..#
#.hh#.....# ...
##...h....# #....
#P...h....## #....
########t..##...#.
#..##......


You could see a spriggan rider (fast) and 6 wolves.

Vanquished Creatures
  2 hydras
  2 two-headed ogres (D:11)
  An unseen horror (D:10)
  2 cyclopes (D:12)
  A spiny frog (Lair:1)
  A komodo dragon (Lair:1)
  3 trolls (D:10)
  2 hippogriffs
  Sigmund (D:4)
  A spriggan (D:9)
  A wyvern (D:9)
  An acid dragon (D:12)
  3 water moccasins
  2 porcupines (Lair:1)
  2 hornet zombies
  2 orc warriors (D:6)
  2 phantoms
  3 ice beasts
  3 sky beasts
  An ogre (D:9)
  18 wolves
  3 crocodiles
  2 centaurs
  A big kobold (D:10)
  9 bullfrogs
  A scorpion (D:4)
  11 killer bees (D:9)
  4 wights (D:7)
  5 howler monkeys
  5 crimson imps
  2 bullfrog zombies
  A jelly (D:9)
  2 orc priests
  2 centaur zombies
  6 hounds
  A quasit (D:9)
  3 centaur skeletons
  2 bullfrog skeletons
  An iguana (D:6)
  6 orc wizards
  6 worker ants
  A killer bee zombie (D:7)
  A hound skeleton (D:8)
  Robin (D:3)
  3 worker ant zombies
  11 adders
  5 gnolls (D:6)
  A howler monkey skeleton (D:6)
  4 shadow imps
  3 oozes
  5 worms
  2 dart slugs
  7 leopard geckos
  34 orcs
  8 giant cockroaches
  9 hobgoblins
  6 jackals
  5 quokkas
  5 ball pythons
  5 bats
  7 frilled lizards
  22 goblins
  17 kobolds
  2 quokka zombies
  30 rats
321 creatures vanquished.

Vanquished Creatures (others)
  An ogre (D:8)
1 creature vanquished.

Grand Total: 322 creatures vanquished

Notes
Turn   | Place    | Note
-------+----------+-------------------------------------------
     0 | D:1      | MisterFreud the Centaur Hunter began the quest for the Orb.
     0 | D:1      | Reached XP level 1. HP: 17/17 MP: 1/1
   105 | D:1      | Reached XP level 2. HP: 24/24 MP: 2/2
   762 | D:1      | Reached XP level 3. HP: 23/30 MP: 3/3
   963 | D:2      | Noticed a bullfrog
  1098 | D:2      | Found a bloodstained altar of Trog.
  1307 | D:2      | Found a stormy altar of Qazlal.
  1820 | D:2      | Reached XP level 4. HP: 40/40 MP: 4/4
  1922 | D:2      | Found a glowing golden altar of the Shining One.
  1924 | D:2      | Found a shattered altar of Ashenzari.
  2014 | D:2      | Found a glowing silver altar of Zin.
  2846 | D:3      | Noticed Robin
  2909 | D:3      | Killed Robin
  3233 | D:3      | Reached XP level 5. HP: 43/47 MP: 5/5
  3463 | D:3      | Reached skill level 5 in Fighting
  3549 | D:3      | Found an ornate altar of the Wu Jian Council.
  3728 | D:4      | Found a blossoming altar of Fedhas.
  4080 | D:4      | Found the +8 glaive of the Guard {elec, +Rage AC+5 SInv}
  4177 | D:4      | Reached skill level 1 in Polearms
  4198 | D:4      | Reached XP level 6. HP: 44/56 MP: 6/6
  4496 | D:4      | Noticed Sigmund
  4509 | D:4      | Killed Sigmund
  4509 | D:4      | Reached skill level 2 in Polearms
  4611 | D:5      | Entered Level 5 of the Dungeon
  4623 | D:5      | Reached skill level 3 in Polearms
  4714 | D:5      | Reached XP level 7. HP: 64/64 MP: 7/7
  4864 | D:5      | Found a shimmering blue altar of Sif Muna.
  5244 | D:5      | Found Ryawywi's Elemental Accessories.
  5436 | D:5      | Found a sacrificial altar of Ru.
  5644 | D:5      | Became a worshipper of Ru the Awakened
  5828 | D:6      | Found a hide-covered altar of Uskayaw.
  5854 | D:6      | Reached skill level 4 in Polearms
  6426 | D:6      | Found an iron altar of Okawaru.
  6644 | D:6      | Found a sparkling altar of Nemelex Xobeh.
  6665 | D:6      | Reached XP level 8. HP: 61/73 MP: 8/8
  6671 | D:6      | Reached skill level 5 in Polearms
  7127 | D:7      | Found a staircase to the Ecumenical Temple.
  7138 | D:7      | Reached skill level 6 in Polearms
  7163 | D:7      | Gained mutation: You cannot train Dodging skill. [Ru
                  | sacrifice]
  7163 | D:7      | Reached * piety under Ru
  7257 | D:7      | Found a basalt altar of Yredelemnul.
  7349 | D:7      | Reached skill level 7 in Polearms
  7479 | D:7      | Got a slimy scale mail
  7490 | D:7      | Identified the +6 scale mail of Uppexkajug {-Cast MR++
                  | rCorr Str+3} (You found it on level 7 of the Dungeon)
  7873 | D:8      | Noticed a hippogriff
  7878 | D:8      | Killed a hippogriff
  7878 | D:8      | Reached XP level 9. HP: 75/81 MP: 9/9
  7952 | D:8      | Reached skill level 8 in Polearms
  8151 | D:8      | Found a basalt altar of Yredelemnul.
  8347 | D:9      | Reached skill level 9 in Polearms
  8564 | D:9      | Reached skill level 10 in Polearms
  8836 | D:9      | Found Xour Foa's Weapon Shoppe.
  9016 | D:9      | Reached XP level 10. HP: 65/88 MP: 10/10
  9023 | D:9      | Reached skill level 11 in Polearms
  9150 | D:9      | Found Coepp's Island Escapes.
  9713 | D:10     | Entered Level 10 of the Dungeon
 10282 | D:10     | Noticed an unseen horror
 10290 | D:10     | Killed an unseen horror
 10290 | D:10     | Reached skill level 12 in Polearms
 10352 | D:10     | Gained mutation: You cannot drink potions while threatened.
                  | [Ru sacrifice]
 10352 | D:10     | Reached ** piety under Ru
 10394 | D:10     | Found a staircase to the Lair.
 10404 | D:10     | Found a staircase to the Orcish Mines.
 10523 | D:10     | Noticed a six-headed hydra
 10589 | D:10     | Killed a nine-headed hydra
 11066 | D:10     | Reached skill level 13 in Polearms
 11582 | D:11     | Noticed a four-headed hydra
 11640 | D:11     | Killed a six-headed hydra
 11640 | D:11     | Reached XP level 11. HP: 18/94 MP: 11/11
 11953 | D:11     | Noticed a two-headed ogre
 11970 | D:11     | Killed a two-headed ogre
 11978 | D:11     | Got a distressingly furry kite shield
 11979 | D:11     | Identified the +2 kite shield of Teuc {+Blink} (You found
                  | it on level 11 of the Dungeon)
 12255 | D:11     | Found Pige's Antique Weapon Boutique.
 12467 | D:11     | Noticed a two-headed ogre
 12474 | D:11     | Killed a two-headed ogre
 12652 | D:12     | Gained mutation: You cannot study or use magical devices.
                  | [Ru sacrifice]
 12652 | D:12     | Reached *** piety under Ru
 12652 | D:12     | Reached **** piety under Ru
 12652 | D:12     | Reached ***** piety under Ru
 12891 | D:12     | Reached skill level 14 in Polearms
 13689 | Lair:1   | Entered Level 1 of the Lair of Beasts
 14297 | Lair:1   | Noticed a spriggan rider
 14300 | Lair:1   | Reached skill level 15 in Polearms
 14344 | Lair:1   | Mangled by a spriggan rider

Illustrated notes

Levels and vault maps discovered:
D:1:      grunt_arrival_lava_bath, layout_loops_ring
D:2:      layout_loops_ring, marbit_many_paths,
          nicolae_qazlal_general_emergency, old_standard_altar,
          grunt_temple_overflow_open, lightli_corner_chamber
D:3:      kennysheep_goblin_castle, layout_basic, lemuel_coloured_pillars_altar,
          first_ration, serial_bayou_pond_d, minmay_rat_hole
D:4:      layout_gridville, nicolae_overflow_crystal_walls, feat_on_display,
          uniq_sigmund
D:5:      layout_layer_cave, nicolae_ru_path_of_blood, basic_altar,
          corexii_item_surrounded_by_moat, nicolae_elemental_shop
D:6:      layout_loops_ring, nemelex_xobeh_ov_fountains_minmay,
          okawaru_altar_gauntlet_db, kennysheep_little_box, lightli_orcish_oven
D:7:      layout_basic, overflow_temple_1_default, minmay_temple_entry_ruins
D:8:      layout_basic, yredelemnul_altar_generic
D:9:      layout_basic, serial_shops, nicolae_shop_trees, grunt_decor_fettered,
          minmay_misc_feat_ornament, the_bakery, glass_columns_b,
          grunt_decor_one_mirror, nicolae_island_escapes
D:10:     layout_loops_corners, erik_lair_island, orc_0_dummy,
          hangedman_glass_teeth
D:11:     layout_basic, serial_shops, shop
D:12:     layout_stronghold, drop_trap
Lair:1:   layout_misc_corridors, grunt_forest_large_clearings

Skill      XL: |  1  2  3  4  5  6  7  8  9 10 11 |
---------------+----------------------------------+-----
Bows           | 6 |  6.0
Fighting       | 3 4 5 6 7 8 |  8.0
Polearms       | 1 3 4 7 10 13 15 | 15.0
Dodging        | 0 |  0.0
Stealth        | |  0.4

Action                   |  1- 3 |  4- 6 |  7- 9 | 10-12 || total
-------------------------+-------+-------+-------+-------++-------
Melee: Short sword       |   124 |   117 |       |       ||   241
       Kick              |    19 |    27 |    35 |    41 ||   122
       Dagger            |       |    41 |       |       ||    41
       Glaive            |       |    29 |   256 |   224 ||   509
 Fire: Shortbow          |    18 |     9 |       |    47 ||    74
Invok: Sacrifice Nimblen |       |       |     1 |       ||     1
       Sacrifice Drink   |       |       |       |     1 ||     1
       Sacrifice Artific |       |       |       |     1 ||     1
Evoke: Wand              |       |       |       |     1 ||     1
  Use: Scroll            |       |       |     8 |     3 ||    11
  Eat: Chunk             |     2 |     8 |    11 |    10 ||    31
       Ration            |       |       |       |     1 ||     1
Armor: Leather armour    |    36 |    52 |    41 |       ||   129
       Scale mail        |       |       |    90 |   165 ||   255
Dodge: Dodged            |    45 |    80 |    74 |    84 ||   283
Block: Other             |     7 |    43 |    25 |       ||    75
       Reflection        |       |       |    11 |       ||    11

Table legend:
 A = Non-vault XP
 B = Vault XP
 C = Vault XP percentage of total XP
 D = Non-vault monster count
 E = Vault monster count
 F = Vault count percentage of total count
                 A         B        C        D         E       F
            +---------+---------+-------+---------+---------+-------
      Total |   15323 |    3328 |  17.8 |     245 |      77 |  23.9
            +---------+---------+-------+---------+---------+-------
        D:1 |      46 |       0 |   0.0 |      27 |       0 |   0.0
        D:2 |      55 |       1 |   1.8 |      21 |       1 |   4.5
        D:3 |      39 |      81 |  67.5 |      15 |      39 |  72.2
        D:4 |     209 |     242 |  53.7 |      14 |       1 |   6.7
        D:5 |     283 |       0 |   0.0 |      12 |       0 |   0.0
        D:6 |     535 |     187 |  25.9 |      27 |      12 |  30.8
        D:7 |     783 |       0 |   0.0 |      18 |       0 |   0.0
        D:8 |     921 |       0 |   0.0 |      12 |       0 |   0.0
        D:9 |    2136 |     220 |   9.3 |      37 |       1 |   2.6
       D:10 |    3549 |     830 |  19.0 |      27 |       8 |  22.9
       D:11 |    2952 |       0 |   0.0 |       6 |       0 |   0.0
       D:12 |    2044 |       0 |   0.0 |      20 |       0 |   0.0
     Lair:1 |    1771 |    1767 |  49.9 |       9 |      15 |  62.5
            +---------+---------+-------+---------+---------+-------
